 Dungeon Crawl Stone Soup version 0.29.1-12-g30fa7ad0bf (webtiles) character file.

Game seed: 16341535797800087073

15 MisterFreud the Twirler (level 2, -3/22 HPs)
             Began as a Formicid Gladiator on Dec 27, 2022.
             Splashed by a jelly's acid (9 damage)
             ... on level 2 of the Dungeon.
             The game lasted 00:00:44 (855 turns).

MisterFreud the Twirler (Formicid Gladiator)         Turns: 855, Time: 00:00:44

Health: -3/22      AC: -1    Str: 18    XL:     2   Next: 65%
Magic:  2/2        EV: 12    Int:  7    God:
Gold:   19         SH:  0    Dex: 15    Spells: 1/1 levels left

rFire   . . .      SeeInvis +   a - +0 quarterstaff
rCold   . . .      Faith    .   (no shield)
rNeg    . . .      Spirit   .   b - +0 leather armour
rPois   .          Reflect  .   (helmet unavailable)
rElec   .          Harm     .   (no cloak)
rCorr   .          Rampage  .   (no gloves)
Will    .....                   (no boots)
Stlth   +.........              (no amulet)
HPRegen 0.07/turn               (no ring)
MPRegen 0.08/turn               (no ring)

@: corroded
A: permanent stasis, dig shafts and tunnels, antennae 3, four strong arms
a: Dig, Shaft Self


You were on level 2 of the Dungeon.
You visited 1 branch of the dungeon, and saw 2 of its levels.

You collected 19 gold pieces.

Inventory:

Hand Weapons
 a - a +0 quarterstaff (weapon)
Missiles
 c - 3 throwing nets (quivered)
 d - a javelin
 e - 4 poisoned darts
Armour
 b - a +0 leather armour (worn)
Scrolls
 f - a scroll of magic mapping {unknown}


   Skills:
 - Level 2.1 Fighting
 + Level 3.8 Staves
 - Level 2.0 Throwing
 - Level 2.6 Dodging


You had one spell level left.
You didn't know any spells.
Your spell library was empty.

Dungeon Overview and Level Annotations

Branches:
Dungeon (2/15)

Altars:

Shops:
D:1 [


Innate Abilities, Weirdness & Mutations

You cannot be hasted, slowed, berserked, paralysed or teleported.
You can dig through walls and to a lower floor.
You have a pair of large antennae on your head. (SInv)
Your four strong arms can wield two-handed weapons with a shield.


Message History

You thump the jackal!
You kill the jackal!
The jackal bites you.
* * * LOW HITPOINT WARNING * * *
You closely miss the jackal. The jackal bites you.
* * * LOW HITPOINT WARNING * * *
You are too injured to fight recklessly!
You hit the jackal but do no damage. The jackal misses you.
The jackal closely misses you.
You are too injured to fight recklessly!
You hit the jackal.
The jackal is almost dead.
The jackal bites you but does no damage.
Are you sure you want to shaft yourself?
The jackal barely misses you.
You begin to dig a shaft.
You continue digging a shaft.
The jackal bites you but does no damage.
The jackal closely misses you. A shaft appears beneath you!
You fall into a shaft and drop 1 floor!
The shaft crumbles and collapses.
Found a stone staircase leading down.
Unknown command.
You start resting.
HP restored.
A jelly comes into view.
A jelly is nearby!
A jelly is nearby!
The jelly jiggles.
You hit the jelly. The acid corrodes you!
Your hands burn!
The jelly is heavily wounded.
The jelly hits you.
You are splashed with acid!
You are too injured to fight recklessly!
You are too injured to fight recklessly!
You barely miss the jelly.
The jelly is heavily wounded.
The jelly hits you.
* * * LOW HITPOINT WARNING * * *
You are splashed with acid!
You die...

#.# #.# #.# ####+###
#.# #......# #.#
#......# #.###.#
#......# #......
#......# #####.#
#..J@..# #.# #......#
#####.. #......####
#.....# #.........###
#.##...
#########...###.##.#.
###.......>#.
#####.#.... #.##.##
#....#


You could see a jelly.

Vanquished Creatures
  A bat (D:1)
  2 endoplasms (D:1)
  4 goblins (D:1)
  2 jackals (D:1)
  A ball python (D:1)
  A frilled lizard (D:1)
  2 kobolds (D:1)
13 creatures vanquished.

Notes
Turn   | Place    | Note
-------+----------+-------------------------------------------
     0 | D:1      | MisterFreud the Formicid Gladiator began the quest for the
                  | Orb.
     0 | D:1      | Reached XP level 1. HP: 16/16 MP: 1/1
   111 | D:1      | Found Yreubut's Antique Armour Emporium.
   304 | D:1      | Reached XP level 2. HP: 19/22 MP: 2/2
   573 | D:1      | You fall into a shaft and drop 1 floor!
   855 | D:2      | Splashed by a jelly's acid

Illustrated notes

Levels and vault maps discovered:
D:1:      reono_arrival_mine, layout_rooms, serial_shops, shop,
          shapermc_ecumenical_altar_mp_urbaneastern, serial_bayou_ford_a
D:2:      layout_basic

Action                   || total
-------------------------++-------
Melee: Quarterstaff      ||    33
 Abil: Shaft Self        ||     1
  Use: Potion            ||     1
Armor: Leather armour    ||     9
Dodge: Dodged            ||    21
